 Dungeon Crawl Stone Soup version 0.30-a0-57-g8b159a9891 (webtiles) character file.

Game seed: 15789255954976466420

11849 Malachi the Slicer (level 11, -16/72 HPs)
             Began as a Demonspawn Brigand on Sept 12, 2022.
             Was an Elder of Jiyva.
             Demolished by a reaper
             ... wielding a +0 scythe of protection
              (21 damage)
             ... in a Gauntlet.
             The game lasted 00:18:15 (9494 turns).

Malachi the Slicer (Demonspawn Brigand)             Turns: 9494, Time: 00:18:16

Health: -16/72     AC: 11    Str:  9    XL:     11   Next: 54%
Magic:  6/11       EV: 16    Int: 13    God:    Jiyva [****..]
Gold:   220        SH:  5    Dex: 25    Spells: 10/10 levels left

rFire   . . .      SeeInvis .    a - +2 dagger (venom)
rCold   + + .      Faith    .    E - +0 buckler
rNeg    . . .      Spirit   .    o - +0 leather armour
rPois   .          Reflect  .    H - +2 hat
rElec   .          Harm     .    (cloak unavailable)
rCorr   +          Rampage  .    (no gloves)
Will    .....      NoTele   +    r - +2 pair of boots
Stlth   +++++.....               (no amulet)
HPRegen 1.50/turn                q - ring of protection from cold
MPRegen 0.64/turn                (no ring)

@: slimy, calling ooze
A: magic regeneration, demonic magic 2, weakness stinger 3, demonic touch 2,
horns 1, agile 2, shaggy fur 3, wild magic 1, MP-powered wands, engulf, [frail
2]
a: Renounce Religion, Oozemancy, Slimify


You were in a Gauntlet.
You worshipped Jiyva.
Jiyva was greatly pleased with you.
You visited 1 branch of the dungeon, and saw 11 of its levels.
You also visited: Ossuary, Bailey and Gauntlet.

You collected 220 gold pieces.

Inventory:

Hand Weapons
 a - a +2 dagger of venom (weapon)
 y - a +0 rapier
 z - a +1 short sword of speed
Missiles
 d - 25 poisoned darts (quivered)
 e - 3 curare-tipped darts
 l - a silver javelin
 m - 9 javelins
 B - 5 boomerangs
Armour
 o - a +0 leather armour (worn)
 r - a +2 pair of boots (worn)
 E - a +0 buckler (worn)
 H - a +2 hat (worn)
 L - a +1 pair of boots of rampaging
Jewellery
 q - a ring of protection from cold (left hand)
 M - the amulet "Tifioh" {Reflect rPois rF+ SH+5}
   (You found it in a Gauntlet)

   [amulet of reflection]

   It reflects blocked missile attacks.
   rF:        It protects you from fire.
   rPois:     It protects you from poison.
   SH:        It affects your SH (+5).
Wands
 c - a wand of polymorph (1)
 G - a wand of roots (11)
 K - a wand of paralysis (5)
Scrolls
 f - 2 scrolls of fog
 g - 6 scrolls of teleportation
 k - 4 scrolls of immolation
 n - a scroll of vulnerability
 s - 3 scrolls of enchant armour
 w - a scroll of magic mapping
 A - a scroll of brand weapon
 F - 2 scrolls of amnesia
 J - a scroll of identify
Potions
 b - 3 potions of attraction
 h - 2 potions of haste
 i - a potion of mutation
 j - a potion of cancellation {unknown}
 t - a potion of magic {unknown}
 u - 2 potions of flight {unknown}
 v - 2 potions of degeneration {unknown}
 x - 2 potions of brilliance {unknown}
 C - 2 potions of curing {unknown}
 D - 2 potions of might {unknown}
 I - a potion of resistance {unknown}
Miscellaneous
 p - a phantom mirror


   Skills:
 - Level 10.0 Fighting
 - Level 10.3 Short Blades
 - Level 1.7 Throwing
 + Level 6.3 Dodging
 + Level 9.9 Stealth


You had 10 spell levels left.
You didn't know any spells.
Your spell library contained the following spells:

 Spells                   Type           Power      Damage    Failure   Level
 Confusing Touch          Hex            0%         N/A       91%         3
 Dazzling Flash           Conj/Hex       0%         N/A       91%         3
 Olgreb's Toxic Radiance  Pois           0%         N/A       100%        4
 Agony                    Necr           0%         N/A       100%        5
 Silence                  Hex/Air        0%         N/A       100%        5
 Yara's Violent Unravell  Hex/Tmut       0%         3d3       100%        5
 Iron Shot                Conj/Erth      0%         9d1       100%        6
 Enfeeble                 Hex            0%         N/A       100%        7
 Ozocubu's Refrigeration  Ice            0%         4d7       100%        7
 Ignition                 Fire           0%         3d3       100%        8
 Shatter                  Erth           0%         3d5*      100%        9


Dungeon Overview and Level Annotations

Branches:
Dungeon (11/15)            Temple (0/1) D:7         Ossuary (visited)
 Bailey (visited)         Gauntlet (1/1)
   Lair: D:8-11         Orc: D:9-12

Altars:
Fedhas
Gozag
Hepliaklqana
Makhleb
Nemelex Xobeh
Okawaru
Qazlal
Ru
Sif Muna
Trog
Uskayaw
Wu Jian
Xom
Yredelemnul
Jiyva

Shops:
D:5 =:[(

Annotations:
D:3 1 transporter, Conn's ghost, weakling OpFE Gauntlet 9 transporters


Innate Abilities, Weirdness & Mutations

You regenerate magic rapidly.
Spells you cast may paralyse nearby enemies.
You have a sharp stinger which inflicts weakening toxins.
Your touch may inflict irresistible damage on your foes.
You have a pair of small horns on your head.
You are very agile. (Dex +8, Str/Int -2)
Your thick and shaggy fur keeps you warm. (AC +3, rC+)
Your spells are a little harder to cast, but a little more powerful.
You expend magic power (3 MP) to strengthen your wands.
Your melee attacks may engulf your foes in ooze.
[You are very frail. (-20% HP)]


Message History

Done waiting.
There is a transporter here.
You enter the transporter and appear at another place.
Unknown command.
The hellwing enters a dispersal trap!
The reaper blinks!
You blink.
The hellwing blinks!
The reaper shouts, "I have come for you, Malachi!"
The reaper fails to trigger a net trap.
You see here a +1 pair of boots of rampaging.
L - a +1 pair of boots of rampaging The hellwing hits you but does no damage.
The hellwing hits you.
The reaper hits you from afar with a +0 scythe of protection.
Activating: Oozemancy (1% risk of failure)
Press: ? - help, Dir - look around, f - activate Slime begins to ooze from the nearby walls!
You will no longer expel jellies when injured.
The walls burn the reaper!
The reaper hits you from afar with a +0 scythe of protection!!
The walls burn the hellwing!
The hellwing closely misses you. The hellwing completely misses you.
A thick mucus forms on your +2 dagger of venom.
The walls burn the hellwing!
The hellwing hits you.
The hellwing hits you but does no damage.
The walls burn the reaper!
The reaper hits you from afar with a +0 scythe of protection.
The walls burn the hellwing!
The walls burn the reaper!
The reaper hits you with a +0 scythe of protection!
Okay, then.
The reaper attacks as you move away!
The reaper hits you with a +0 scythe of protection!!
* * * LOW HITPOINT WARNING * * *
The wall burns the hellwing!
You see here the amulet "Tifioh" {Reflect rPois rF+ SH+5}.
M - the amulet "Tifioh" {Reflect rPois rF+ SH+5} The walls burn the hellwing!
The hellwing hits you.
* * * LOW HITPOINT WARNING * * *
The hellwing barely misses you.
The walls burn the reaper!
The reaper hits you with a +0 scythe of protection!!
You die...

#≈.8......8............
##...............8.....
#≈...###########.......
##...#......^..#...####
#≈...#.##.##.#.#...#...
##...#.^#..^...#######.
#≈...#..##.##..#...#*[#
##.8.#42.#©.#..#©8©#x!#
#≈...#@#^##.##.#...#!#.
##...#?#^.^..#.#####.#.
#≈...#^##.##.#.#...#..#
##...#.....^...#...####
#§...###########.......
##...............8.....
.# ##.8.....8............
..##§...............#####
...##...#########...#....


You could see a reaper and a hellwing.

Vanquished Creatures
  2 vault guards (Bailey)
  A dancing weapon (D:10)
  The ghost of Yosebu the Fighter, a novice HOMo of Beogh (D:8)
  Pikel (D:6)
  Prince Ribbit (Bailey)
  Sigmund (D:2)
  A spriggan (D:8)
  A shadow (D:10)
  A ynoxinul (D:8)
  A wraith (Ossuary)
  A wyvern (D:8)
  A human (Bailey)
  28 yaks
  2 steam dragons
  2 water moccasins
  An acid dragon (D:9)
  2 orc warriors
  2 ice beasts
  2 black bears (D:8)
  2 sky beasts
  A centaur (D:5)
  2 lemures (D:6)
  A kobold brigand (D:4)
  13 bullfrogs
  A necrophage (D:6)
  Blork the orc (D:6)
  4 gnoll sergeants
  5 killer bees (D:9)
  2 howler monkeys
  5 hounds
  2 orc priests
  A gnoll bouda (D:10)
  2 iguanas (D:5)
  Jessica (D:2)
  3 orc wizards
  A mummy (Ossuary)
  3 adders
  13 gnolls
  A white imp (D:5)
  2 ufetubi (D:6)
  2 worms (D:2)
  5 dart slugs
  15 orcs
  8 ball pythons
  2 endoplasms (D:1)
  11 goblins
  9 hobgoblins
  2 jackals (D:3)
  A quokka (D:3)
  3 bats
  4 frilled lizards
  5 gnoll skeletons (Ossuary)
  A kobold (D:1)
  4 kobold skeletons (Ossuary)
  12 orc skeletons (Ossuary)
  5 rats
207 creatures vanquished.

Vanquished Creatures (collateral kills)
  The ghost of Kene the Covert, a novice SpEn (D:10)
1 creature vanquished.

Vanquished Creatures (others)
  A glowing orange brain (Gauntlet)
  A human (Bailey)
  A centaur (D:8)
  A bullfrog (D:8)
  2 kobold brigands
  3 killer bees (D:8)
  3 orc priests (D:9)
  22 jellies
  An orc wizard (D:9)
  An adder (D:3)
  2 gnolls (D:10)
  An endoplasm (D:2)
  9 orcs
  3 ball pythons
  3 goblins
  A bat (D:2)
  A frilled lizard (D:3)
  A gnoll skeleton (Ossuary)
  4 kobolds
  2 kobold skeletons (Ossuary)
  An orc skeleton (Ossuary)
  26 plants
90 creatures vanquished.

Grand Total: 298 creatures vanquished

Notes
Turn   | Place    | Note
-------+----------+-------------------------------------------
     0 | D:1      | Malachi the Demonspawn Brigand began the quest for the Orb.
     0 | D:1      | Reached XP level 1. HP: 16/16 MP: 1/1
   171 | D:1      | Discovered your monstrous ancestry.
   171 | D:1      | Gained mutation: You have a small tail. [demonic ancestry]
   171 | D:1      | Reached XP level 2. HP: 22/22 MP: 2/2
   857 | D:1      | Found a faded altar of an unknown god.
   999 | D:1      | Prayed at the altar of an unknown god.
   999 | D:1      | Became a worshipper of Jiyva Josavvu the Shapeless
   999 | D:1      | Reached * piety under Jiyva
  1088 | D:2      | Noticed Sigmund
  1088 | D:2      | Noticed Jessica
  1114 | D:2      | Gained mutation: Your touch may inflict minor irresistible
                  | damage on your foes. [demonic ancestry]
  1114 | D:2      | Reached XP level 3. HP: 27/27 MP: 3/3
  1276 | D:3      | Found an ornate altar of the Wu Jian Council.
  1295 | D:3      | Found a shimmering blue altar of Sif Muna.
  1296 | D:3      | Found an iron altar of Okawaru.
  1296 | D:3      | Found a hide-covered altar of Uskayaw.
  1297 | D:3      | Found a basalt altar of Yredelemnul.
  1414 | D:3      | Found a faded altar of an unknown god.
  1440 | D:3      | Found a transporter.
  1442 | D:3      | Noticed Conn's ghost (weakling OpFE)
  1446 | D:3      | Reached ** piety under Jiyva
  1447 | D:3      | Noticed an ogre
  1448 | D:3      | Noticed an ogre
  1599 | D:3      | Found a blossoming altar of Fedhas.
  1867 | D:4      | Killed a kobold brigand
  1899 | D:4      | Noticed a kobold brigand
  1961 | D:4      | You fall into a shaft and drop 1 floor!
  1961 | D:5      | Entered Level 5 of the Dungeon
  1961 | D:5      | Found Maphesh's Weapon Shoppe.
  2035 | D:5      | Identified the +8 giant spiked club "Ogrebane" {elec, rN+
                  | Dex+6}
  2060 | D:5      | Noticed a centaur
  2116 | D:5      | Reached *** piety under Jiyva
  2152 | D:5      | Gained mutation: Spells you cast may paralyse adjacent
                  | enemies. [demonic ancestry]
  2152 | D:5      | Reached XP level 4. HP: 33/33 MP: 4/4
  2181 | D:5      | Found Ikefueca's Antique Armour Shop.
  2193 | D:5      | Found Satruyh's Jewellery Boutique.
  2232 | D:5      | Gained mutation: You have a tail ending in a sharp stinger.
                  | [demonic ancestry]
  2232 | D:5      | Reached XP level 5. HP: 38/38 MP: 5/5
  2358 | D:5      | Found Hieti's Book Boutique.
  2421 | D:5      | Found a bloodstained altar of Trog.
  2468 | D:5      | Found a sand-covered staircase.
  2483 | D:5      | Gained mutation: You are agile. (Dex +4, Str/Int -1)
                  | [Jiyva's grace]
  2483 | D:5      | Gained mutation: You are very agile. (Dex +8, Str/Int -2)
                  | [Jiyva's grace]
  2483 | D:5      | Gained mutation: Your spells are a little harder to cast,
                  | but a little more powerful. [Jiyva's grace]
  2483 | D:5      | Gained mutation: Your spells are harder to cast, but more
                  | powerful. [Jiyva's grace]
  2592 | Ossuary  | Entered an ossuary
  2592 | Ossuary  | Noticed a wraith
  2592 | Ossuary  | Noticed a wraith
  2592 | Ossuary  | Noticed a wraith
  2631 | Ossuary  | Reached skill level 5 in Short Blades
  2856 | Ossuary  | Noticed a wraith
  2857 | Ossuary  | Reached **** piety under Jiyva
  2881 | Ossuary  | Killed a wraith
  2882 | Ossuary  | Gained mutation: You regenerate magic rapidly. [demonic
                  | ancestry]
  2882 | Ossuary  | Reached XP level 6. HP: 44/44 MP: 4/6
  3633 | D:4      | Found a stormy altar of Qazlal.
  3690 | D:4      | Gained mutation: Your touch may inflict irresistible damage
                  | on your foes. [demonic ancestry]
  3690 | D:4      | Reached XP level 7. HP: 50/50 MP: 7/7
  3893 | D:2      | Killed Jessica
  3926 | D:2      | Killed Sigmund
  4191 | D:6      | Noticed Pikel
  4207 | D:6      | Killed Pikel
  4208 | D:6      | Gained mutation: Spells you cast may paralyse nearby
                  | enemies. [demonic ancestry]
  4208 | D:6      | Reached XP level 8. HP: 42/56 MP: 8/8
  4288 | D:6      | Noticed Blork the orc
  4295 | D:6      | Killed Blork the orc
  4386 | D:6      | Reached skill level 10 in Short Blades
  4773 | D:7      | Found a staircase to the Ecumenical Temple.
  4866 | D:7      | Gained mutation: You have a sharp stinger which inflicts
                  | weakening toxins. [demonic ancestry]
  4866 | D:7      | Reached XP level 9. HP: 64/66 MP: 9/9
  4954 | D:7      | Reached skill level 5 in Fighting
  4954 | D:7      | Lost mutation: Your spells are harder to cast, but more
                  | powerful. [Jiyva's grace]
  4954 | D:7      | Gained mutation: Your mind is acute. (Int +4, Str/Dex -1)
                  | [Jiyva's grace]
  4954 | D:7      | Gained mutation: Your mind is very acute. (Int +8, Str/Dex
                  | -2) [Jiyva's grace]
  4954 | D:7      | Gained mutation: You expend magic power (3 MP) to
                  | strengthen your wands. [Jiyva's grace]
  4954 | D:7      | Gained mutation: You have a pair of small horns on your
                  | head. [Jiyva's grace]
  5065 | D:7      | Found a sacrificial altar of Ru.
  5143 | D:7      | Found an opulent altar of Gozag.
  5404 | D:8      | Noticed Yosebu's ghost (novice HOMo)
  5417 | D:8      | Found a runed translucent door.
  5458 | D:8      | Killed Yosebu's ghost
  5469 | D:8      | Got the Teachings on Terra Firma
  5660 | D:8      | Found a flagged portal.
  5673 | Bailey   | Entered a bailey
  5748 | Bailey   | Reached XP level 10. HP: 74/83 MP: 10/10
  5779 | Bailey   | Noticed Prince Ribbit
  5791 | Bailey   | Killed Prince Ribbit
  5792 | Bailey   | Reached skill level 10 in Fighting
  5793 | Bailey   | Noticed a vault guard
  5824 | Bailey   | Killed a vault guard
  5825 | Bailey   | Reached skill level 5 in Stealth
  5853 | Bailey   | Noticed a vault guard
  5869 | Bailey   | Killed a vault guard
  6203 | D:8      | Reached skill level 1 in Dodging
  7100 | D:9      | Reached XP level 11. HP: 70/90 MP: 11/11
  7259 | D:9      | Found a hazy altar of Hepliaklqana.
  7926 | D:9      | Found a burning altar of Makhleb.
  7926 | D:9      | Noticed an Executioner
  7970 | D:9      | Reached ***** piety under Jiyva
  7970 | D:9      | Lost mutation: Your mind is very acute. (Int +8, Str/Dex
                  | -2) [Jiyva's grace]
  7970 | D:9      | Lost mutation: Your mind is acute. (Int +4, Str/Dex -1)
                  | [Jiyva's grace]
  7970 | D:9      | Gained mutation: You are covered in fur. (AC +1) [Jiyva's
                  | grace]
  7970 | D:9      | Gained mutation: You are covered in thick fur. (AC +2)
                  | [Jiyva's grace]
  7970 | D:9      | Gained mutation: Your thick and shaggy fur keeps you warm.
                  | (AC +3, rC+) [Jiyva's grace]
  7970 | D:9      | Gained mutation: Your melee attacks may engulf your foes in
                  | ooze. [Jiyva's grace]
  8002 | D:9      | Reached skill level 5 in Dodging
  8321 | D:10     | Entered Level 10 of the Dungeon
  8436 | D:10     | Found a runed translucent door.
  8436 | D:10     | Found a shimmering altar of Xom.
  8436 | D:10     | Noticed Kene's ghost (novice SpEn)
  8437 | D:10     | Noticed a +0 dire flail of chaos
  8794 | D:10     | Found a sparkling altar of Nemelex Xobeh.
  8929 | D:10     | Found a shimmering altar of Xom.
  8978 | D:10     | Noticed a glowing orange brain
  8980 | D:10     | Noticed an anaconda
  8980 | D:10     | a glowing orange brain changed into an anaconda
  9052 | D:10     | Killed a +0 dire flail of chaos
  9053 | D:10     | Killed Kene's ghost
  9193 | D:11     | Found a gate leading to a gauntlet.
  9200 | Gauntlet | Entered a Gauntlet
  9200 | Gauntlet | Noticed a brown ugly thing
  9200 | Gauntlet | Noticed a red ugly thing
  9200 | Gauntlet | Found a transporter.
  9203 | Gauntlet | Found a transporter.
  9204 | Gauntlet | Found a transporter.
  9204 | Gauntlet | Noticed a wretched star
  9204 | Gauntlet | Found the +3 Mad Mage's Maulers {Infuse+∞ RegenMP Int-3}
  9205 | Gauntlet | Found a transporter.
  9205 | Gauntlet | Noticed a glowing orange brain
  9208 | Gauntlet | Found a transporter.
  9209 | Gauntlet | Found a transporter.
  9220 | Gauntlet | Noticed a reaper
  9226 | Gauntlet | Found a transporter.
  9227 | Gauntlet | Found a transporter.
  9239 | Gauntlet | Noticed a catoblepas
  9242 | Gauntlet | Found a transporter.
  9258 | Gauntlet | Found a transporter.
  9262 | Gauntlet | Found a transporter.
  9265 | Gauntlet | Noticed a hell hog
  9274 | Gauntlet | Found a transporter.
  9286 | Gauntlet | Killed a glowing orange brain
  9493 | Gauntlet | Identified the amulet "Tifioh" {Reflect rPois rF+ SH+5}
  9494 | Gauntlet | Demolished by a reaper

Illustrated notes

Levels and vault maps discovered:
D:1:      minmay_arrival_pointy, layout_loops_ring,
          chequers_ecumenical_altar_lobes
D:2:      layout_basic, uniq_sigmund, uniq_jessica
D:3:      layout_rooms, nicolae_overflow_ecumenical_swirl,
          grunt_temple_overflow_open, gammafunk_ghost_smash
D:4:      layout_rooms, mainiacjoe_overflow_surrounded_room,
          minmay_divided_ellipse
D:5:      layout_loops_corners, mainiacjoe_overflow_tiny_flanked, serial_shops,
          nicolae_stop_n_shop_2, nicolae_take_the_stairs, nicolae_square_shop,
          shop_statue, serial_co_window_serial, co_window_paths_a,
          co_window_paths_a, co_window_paths_a, co_window_paths_a,
          co_window_paths_a, co_window_broadway_c, co_window_corner_cb,
          co_window_broadway_a, co_window_corner_cb, co_window_unsneaky_path_d,
          co_window_corner_b, co_window_paths_d, glass_columns_a,
          glass_columns_a, glass_columns_b, glass_columns_a,
          nicolae_ossuary_entry_monument, kennysheep_nondescript, hex_tiny
D:6:      layout_rooms, nicolae_grassy_gnolls, uniq_blork_the_orc, uniq_pikel
D:7:      layout_rooms, kennysheep_mini, kennysheep_little_box,
          minmay_temple_entry_proselytizer
D:8:      layout_loops_corners, hellmonk_ghost_big_iron, enter_bailey_3,
          the_hattery
D:9:      layout_stronghold, makhleb_altar_promises_db, lemuel_round_altar
D:10:     layout_irregular_city, pf_just_have_faith,
          mainiacjoe_overflow_alcove_1, ebering_ghost_xom
D:11:     hellmonk_crumbling_castle, layout_rooms, dpeg_lair_monsters,
          gauntlet_entry_generic, minmay_hedge_maze
Gauntlet: minmay_gauntlet_mixed_oops_all_seconds
          [minmay_gauntlet_arena_77_squiggly, nicolae_gauntlet_arena_t_cross,
          minmay_gauntlet_arena_77_broken_ladder,
          nicolae_gauntlet_arena_grate_2, minmay_gauntlet_arena_77_p_blocks,
          nicolae_gauntlet_arena_x, gauntlet_exit_green]

Skill      XL: |  1  2  3  4  5  6  7  8  9 10 11 |
---------------+----------------------------------+-----
Short Blades   | 2 3 4 6 7 9 10 | 10.3
Fighting       | 4 9 10 | 10.0
Stealth        | 8 9 |  9.9
Dodging        | 4 6 |  6.3
Throwing       | |  1.7

Action                   |  1- 3 |  4- 6 |  7- 9 | 10-12 || total
-------------------------+-------+-------+-------+-------++-------
Melee: Dagger            |    85 |    70 |   203 |   447 ||   805
       Tailslap          |     7 |    14 |    71 |    99 ||   191
       Touch             |     6 |    25 |    21 |       ||    52
       Punch             |       |     2 |     1 |       ||     3
       Rapier            |       |    18 |       |       ||    18
       Short sword       |       |     4 |   122 |       ||   126
       Headbutt          |       |       |    36 |   143 ||   179
Invok: Oozemancy         |       |     1 |     4 |     5 ||    10
       Slimify           |       |       |       |     1 ||     1
  Use: Scroll            |     1 |       |     8 |     4 ||    13
       Potion            |       |       |     1 |     3 ||     4
 Stab: Sleeping          |     9 |     4 |     2 |     7 ||    22
Armor: Robe              |    23 |       |       |       ||    23
       Leather armour    |     4 |    22 |    59 |    61 ||   146
Dodge: Dodged            |    46 |    53 |    82 |   116 ||   297
Block: Buckler           |       |       |    31 |    47 ||    78

Table legend: (Time is in decaauts)
 A = Elapsed time spent in this place.
 B = Non-inter-level travel time spent in this place.
 C = Inter-level travel time spent in this place.
 D = Time resting spent in this place.
 E = Time spent auto-exploring this place.
 F = Levels seen in this place.
 G = Mean time per level.
                   A        B        C        D        E       F      G
               +--------+--------+--------+--------+--------+-----+--------+
         Total |   9086 |   8477 |    609 |    781 |   5645 |  14 |  649.0 |
       Dungeon |   8233 |   7624 |    609 |    551 |   5577 |  11 |  748.5 |
       Ossuary |    324 |    324 |      0 |    111 |     13 |   1 |  324.0 |
        Bailey |    235 |    235 |      0 |      0 |     55 |   1 |  235.0 |
      Gauntlet |    292 |    292 |      0 |    119 |      0 |   1 |  292.0 |
               +--------+--------+--------+--------+--------+-----+--------+

Top non-repeatable levels by time:
     D:8: 1310 daAuts
     D:9: 1237 daAuts
     D:5: 1089 daAuts
     D:1: 1016 daAuts
    D:10: 824 daAuts
     D:4: 603 daAuts
     D:3: 564 daAuts
     D:6: 537 daAuts
     D:7: 521 daAuts
     D:2: 521 daAuts
 Ossuary: 324 daAuts
Gauntlet: 292 daAuts
  Bailey: 235 daAuts
    D:11: 6 daAuts
